 Dungeon Crawl Stone Soup version 0.23.1 (webtiles) character file.

Game seed: 528914755925716724

47 Kairos the Sneak (level 3, 18/18 HPs)
             Began as a Vine Stalker Assassin on Mar 11, 2019.
             Quit the game on level 1 of the Dungeon.
             The game lasted 00:01:31 (970 turns).

Kairos the Sneak (Vine Stalker Assassin)             Turns: 970, Time: 00:01:32

Health: 18/18      AC:  3    Str: 13    XL:     3   Next: 70%
Magic:  4/4        EV: 17    Int: 11    God:
Gold:   60         SH:  0    Dex: 21    Spells: 2/2 levels left

rFire    . . .     SeeInvis .   a - +3 dagger
rCold    . . .     Gourm    .   (no shield)
rNeg     . . .     Faith    .   c - +0 robe
rPois    .         Spirit   +   (no helmet)
rElec    .         Reflect  .   d - +0 cloak
rCorr    .         Harm     .   (no gloves)
MR       .....                  (no boots)
Stlth    +++++.....             (no amulet)
HPRegen  0.06/turn              (no ring)
MPRegen  0.09/turn              (no ring)

@: agile
A: fangs 2, magic shield, antimagic bite, no potion heal 3, rot immunity
a: no special abilities


You were on level 1 of the Dungeon.
You were not hungry.

You visited 1 branch of the dungeon, and saw 1 of its levels.

You collected 60 gold pieces.

Inventory:

Hand Weapons
 a - a +3 dagger (weapon)
 b - a +0 blowgun
Missiles
 e - 8 poisoned needles
 f - 2 curare-tipped needles
Armour
 c - a +0 robe (worn)
 d - a +0 cloak (worn)
Potions
 i - 2 potions of curing
Comestibles
 g - 2 rations


   Skills:
 + Level 2.1 Fighting
 + Level 1.9 Short Blades
 + Level 1.8 Throwing
 + Level 0.8 Dodging
 + Level 6.2 Stealth


You had 2 spell levels left.
You didn't know any spells.
Your spell library was empty.

Dungeon Overview and Level Annotations

Branches:
Dungeon (1/15)

Altars:
The Shining One


Innate Abilities, Weirdness & Mutations

You have extremely sharp teeth.
When hurt, damage is shared between your health and your magic reserves.
Your bite disrupts and absorbs the magic of your enemies.
Potions cannot restore your health.
You are immune to rotting.


Message History

No target in view!
No target in view!
No target in view!
Unknown command.
No target in view!
Partly explored, can't reach some items and places.
No target in view!
As you read the scroll labeled KASHEG DYCW, it crumbles to dust.
It is a scroll of identify.
k - a scroll of enchant weapon
As you read the scroll of identify, it crumbles to dust.
i - 2 potions of curing It was a potion of agility.
You feel agile all of a sudden.
Partly explored, can't reach some items and places.
Partly explored, can't reach some items and places.
Partly explored, can't reach some items and places.
As you read the scroll of enchant weapon, it crumbles to dust.
Your +2 dagger glows red for a moment.
Are you sure you want to abandon this character and quit the game? (Confirm with "yes".)

#....§≈§##..(......##.≈≈.....
#....§§.####†########..≈....(
#....§..####'########..§.....
#....≈≈...##......##..§≈.....
#)...≈....##....<(##...§.....
#....≈....##(.....##.§§≈.....
#....§§§..##########..≈§§..$.
#....§§§§.##########.§≈≈§.... #
#...§≈§§≈...@§....§§)≈§≈.§... #
#....≈≈§§≈≈§§§§...§§§§≈§..... #
#......≈§≈§§§§§§..≈§≈≈≈≈..... #
#.....§§§..§≈§§§§≈≈§§≈≈≈..... #
#............§§§§§§§...§..... #
>.............§.§§§§.......>
#################################
.................................
####.############################


There were no monsters in sight!

Vanquished Creatures
  2 oozes (D:1)
  A dart slug (D:1)
  A leopard gecko (D:1)
  4 bats (D:1)
  3 giant cockroaches (D:1)
  5 goblins (D:1)
  3 hobgoblins (D:1)
  3 jackals (D:1)
  3 kobolds (D:1)
  A ball python (D:1)
  4 frilled lizards (D:1)
  5 rats (D:1)
35 creatures vanquished.

Notes
Turn   | Place    | Note
-------+----------+-------------------------------------------
     0 | D:1      | Kairos the Vine Stalker Assassin began the quest for the
                  | Orb.
     0 | D:1      | Reached XP level 1. HP: 11/11 MP: 2/2
    38 | D:1      | Reached skill level 5 in Stealth
    38 | D:1      | Reached XP level 2. HP: 13/15 MP: 3/3
   168 | D:1      | Found a glowing golden altar of the Shining One.
   303 | D:1      | Reached XP level 3. HP: 18/18 MP: 4/4
   495 | D:1      | Reached skill level 6 in Stealth
   970 | D:1      | Quit the game

Skill      XL: |  1  2  3 |
---------------+----------+-----
Fighting       | 2 |  2.1
Stealth        | 5 6 |  6.2
Short Blades   | |  1.9
Throwing       | |  1.8
Dodging        | |  0.8

Action                   || total
-------------------------++-------
Melee: Dagger            ||    73
       Bite              ||    11
  Use: Scroll            ||     3
       Potion            ||     1
 Stab: Sleeping          ||    13
Armor: Robe              ||    31
Dodge: Dodged            ||    59
